 Dungeon Crawl Stone Soup version 0.23-a0-164-g7711e57 (webtiles) character file.

1824 grindst0ne the Skirmisher (level 8, -1/68 HPs)
             Began as a Mummy Gladiator on Sept 10, 2018.
             Killed from afar by an orc wizard (4 damage)
             ... with a puff of flame
             ... on level 6 of the Dungeon.
             The game lasted 00:13:46 (6651 turns).

grindst0ne the Skirmisher (Mummy Gladiator)         Turns: 6651, Time: 00:13:47

Health: -1/68      AC: 12    Str: 17      XL:     8   Next: 86%
Magic:  8/8        EV:  8    Int:  9      God:
Gold:   254        SH: 10    Dex: 11 (14) Spells: 7/7 levels left

rFire    x . .     SeeInvis .   q - +0 whip (flame)
rCold    + . .     Gourm    .   m - +0 shield
rNeg     + + +     Faith    .   d - +2 scale mail {rN+}
rPois    ∞         Spirit   .   c - +0 helmet
rElec    .         Reflect  .   (no cloak)
rCorr    +         Harm     .   g - +2 pair of gloves
MR       +....                  (no boots)
Stlth    ..........             (no amulet)
HPRegen  0.21/turn              r - ring of resist corrosion
MPRegen  0.11/turn              (no ring)

@: no status effects
A: no food or potions, fire vulnerability, cold resistance 1, negative energy
resistance 3, torment resistance, unbreathing
a: no special abilities


You were on level 6 of the Dungeon.
You were not hungry.

You visited 1 branch of the dungeon, and saw 6 of its levels.

You collected 254 gold pieces.

Inventory:

Hand Weapons
 q - a +0 whip of flaming (weapon)
Missiles
 a - 5 tomahawks (quivered)
Armour
 c - a +0 helmet (worn)
 d - a +2 scale mail of positive energy (worn)
 g - a +2 pair of gloves (worn)
 m - a +0 shield (worn)
 n - a +0 chain mail
Jewellery
 b - an uncursed ring of fire
 r - a ring of resist corrosion (left hand)
Scrolls
 e - 3 scrolls of enchant weapon
 f - 4 scrolls of identify
 i - 2 scrolls of fear
 j - a scroll of teleportation
 k - 2 scrolls of remove curse
 o - a scroll of amnesia
 p - a scroll of enchant armour


   Skills:
 + Level 7.9 Fighting
 + Level 3.7 Maces & Flails
 - Level 1.5 Throwing
 - Level 2.4 Dodging
 * Level 6.4 Shields


You had 7 spell levels left.
You didn't know any spells.
Your spell library was empty.

Dungeon Overview and Level Annotations

Branches:
Dungeon (6/15)
 Temple: D:4-7

Altars:
Ashenzari
Cheibriados
Fedhas
Hepliaklqana
Nemelex Xobeh
Ru

Annotations:
D:4 exclusion: downstairs


Innate Abilities, Weirdness & Mutations

You do not eat or drink.
Your flesh is vulnerable to fire.
You are immune to poison.
Your flesh is cold resistant. (rC+)
You are immune to negative energy. (rN+++)
You are immune to unholy pain and torment.
You can survive without breathing.


Message History

Deactivating autopickup; reactivate with Ctrl-A.
You barely miss something. Something hits you but does no damage.
You barely miss something.
You hear some strange, mumbled words.
Something tries to affect you, but you resist.
You miss something. Something hits you but does no damage.
You hit something. You burn something. Something hits you but does no damage.
You barely miss something. Something hits you.
* * * LOW HITPOINT WARNING * * *
The orc throws a stone.
The stone hits you but does no damage.
You miss something.
You hear some strange, mumbled words.
A puff of flame appears from out of thin air!
The puff of flame hits you! The fire burns you terribly!
* * * LOW HITPOINT WARNING * * *
The orc throws a stone.
The stone barely misses you.
You hear some strange, mumbled words.
A puff of flame appears from out of thin air!
The puff of flame hits you! The fire burns you terribly!
You die...

....#.# ....#.#
......## †...####.
....# #.# ...## ... ##
<..# ..# #.###.# ...#
#.# ##......# ...#
#.o###@# ...# #.#(##
.... #o{## .....
................
......................
...#####.##.#.#####...
# #.... ## ###.# #..


You could see an orc.

Vanquished Creatures
  Pikel (D:4)
  A hippogriff (D:5)
  Eustachio (D:5)
  A centaur (D:4)
  3 ogres
  3 crimson imps (D:4)
  A jelly (D:4)
  3 orc priests
  A bullfrog skeleton (D:5)
  A hound (D:4)
  2 orc wizards (D:4)
  A centaur skeleton (D:4)
  5 worker ants
  Terence (D:2)
  6 adders
  A shadow imp (D:5)
  2 oozes
  2 adder skeletons (D:4)
  3 worms
  4 dart slugs
  3 leopard geckos
  14 orcs
  5 giant cockroaches
  8 goblins
  13 hobgoblins
  18 jackals
  5 kobolds
  3 quokkas
  A ball python (D:1)
  8 bats
  6 frilled lizards
  A quokka skeleton (D:5)
  4 rats
132 creatures vanquished.

Vanquished Creatures (others)
  An adder skeleton (D:4)
  2 orcs (D:4)
  A jackal (D:4)
4 creatures vanquished.

Grand Total: 136 creatures vanquished

Notes
Turn   | Place    | Note
-------+----------+-------------------------------------------
     0 | D:1      | grindst0ne the Mummy Gladiator began the quest for the Orb.
     0 | D:1      | Reached XP level 1. HP: 16/16 MP: 1/1
   204 | D:1      | Reached XP level 2. HP: 8/23 MP: 2/2
   462 | D:1      | Reached skill level 3 in Fighting
   581 | D:1      | Reached XP level 3. HP: 20/29 MP: 3/3
  1358 | D:2      | Reached skill level 4 in Fighting
  1370 | D:2      | Noticed Terence
  1444 | D:2      | Reached XP level 4. HP: 4/38 MP: 4/4
  1467 | D:2      | Killed Terence
  1961 | D:2      | Found a sparkling altar of Nemelex Xobeh.
  2023 | D:2      | Reached skill level 5 in Fighting
  2098 | D:2      | Reached XP level 5. HP: 38/44 MP: 5/5
  2559 | D:3      | Found a snail-covered altar of Cheibriados.
  2580 | D:3      | Found a sacrificial altar of Ru.
  2747 | D:3      | Reached skill level 1 in Shields
  3147 | D:4      | Found a shattered altar of Ashenzari.
  3186 | D:4      | Noticed an ogre
  3210 | D:4      | Killed an ogre
  3210 | D:4      | Reached XP level 6. HP: 49/52 MP: 6/6
  3372 | D:4      | Found a hazy altar of Hepliaklqana.
  3420 | D:4      | Reached skill level 6 in Fighting
  3707 | D:4      | Noticed Pikel
  3707 | D:4      | Noticed a slave
  3708 | D:4      | Noticed a slave
  3710 | D:4      | Noticed a slave
  3715 | D:4      | Noticed a slave
  3729 | D:4      | Killed Pikel
  3729 | D:4      | Reached XP level 7. HP: 21/59 MP: 7/7
  3951 | D:4      | Reached skill level 7 in Fighting
  4319 | D:5      | Entered Level 5 of the Dungeon
  4426 | D:5      | Reached skill level 5 in Shields
  4426 | D:5      | Reached XP level 8. HP: 66/67 MP: 8/8
  5360 | D:5      | Noticed a hippogriff
  5647 | D:5      | Killed a hippogriff
  5761 | D:5      | Noticed Eustachio
  6135 | D:5      | Killed Eustachio
  6417 | D:5      | Found a blossoming altar of Fedhas.
  6650 | D:6      | HP: 2/68 [something/puff of flame (9)]
  6651 | D:6      | Killed from afar by an orc wizard

Vault maps used:
D:1:      dpeg_arrival_water_fire
D:2:      nemelex_spade_bored_becter, uniq_terence
D:3:      nicolae_ru_awakened_eye, kennysheep_slug_shrine, first_ration
D:4:      nicolae_overflow_crystal_walls, old_standard_altar,
          kennysheep_small_spiral, minmay_misc_feat_x, uniq_pikel
D:5:      lemuel_coloured_pillars_altar, st_stairs_5, uniq_eustachio
D:6:      minmay_temple_entry_mist, portal_sewer_entry_f

Skill      XL: |  1  2  3  4  5  6  7  8 |
---------------+-------------------------+-----
Fighting       | 3 4 5 6 7 |  7.9
Shields        | 2 4 5 6 |  6.4
Maces & Flails | 3 |  3.7
Throwing       | |  1.5
Dodging        | |  2.4

Action                   |  1- 3 |  4- 6 |  7- 9 || total
-------------------------+-------+-------+-------++-------
Melee: Flail             |   141 |   241 |     3 ||   385
       Whip              |       |       |   521 ||   521
Throw: Throwing net      |     3 |       |       ||     3
       Tomahawk          |       |       |    14 ||    14
  Use: Scroll            |       |     6 |     3 ||     9
Armor: Leather armour    |    40 |       |       ||    40
       Scale mail        |    38 |    65 |   234 ||   337
       Chain mail        |       |    77 |    85 ||   162
Dodge: Dodged            |   137 |    81 |   190 ||   408
Block: Shield            |       |    72 |   345 ||   417

Table legend:
 A = Non-vault XP
 B = Vault XP
 C = Vault XP percentage of total XP
 D = Non-vault monster count
 E = Vault monster count
 F = Vault count percentage of total count
                 A         B        C        D         E       F
            +---------+---------+-------+---------+---------+-------
      Total |    1726 |     881 |  33.8 |     127 |       5 |   3.8
            +---------+---------+-------+---------+---------+-------
        D:1 |      59 |       0 |   0.0 |      29 |       0 |   0.0
        D:2 |     127 |      32 |  20.1 |      26 |       1 |   3.7
        D:3 |      90 |       4 |   4.3 |      18 |       1 |   5.3
        D:4 |     804 |     641 |  44.4 |      38 |       1 |   2.6
        D:5 |     643 |     204 |  24.1 |      15 |       2 |  11.8
        D:6 |       3 |       0 |   0.0 |       1 |       0 |   0.0
            +---------+---------+-------+---------+---------+-------
